 Dungeon Crawl Stone Soup version 0.32-a0-931-g5a2cda0630 (webtiles) character file.

Game seed: 2033441668942973341

2107 jasper the Grappler (level 9, -1/59 HPs)
             Began as a Gargoyle Shapeshifter on Apr 13, 2024.
             Was a Follower of Makhleb.
             Slain by a wight
             ... wielding a +3 spear
              (7 damage)
             ... on level 7 of the Dungeon.
             The game lasted 00:07:52 (5733 turns).

jasper the Grappler (Gargoyle Shapeshifter)         Turns: 5733, Time: 00:07:53

Health: -1/59      AC: 16    Str: 19    XL:     9   Next: 28%
Magic:  9/9        EV:  7    Int: 12    God:    Makhleb [*.....]
Gold:   199        SH:  0    Dex: 11    Spells: 8/8 levels left

rFire   . .          .
                       - Unarmed
rCold   . . .        (no shield)
rNeg    + . .        w - +0 chain mail
rPois   ∞            (no helmet)
rElec   +            (no cloak)
rCorr   .            (no gloves)
SInv    .            m - +1 pair of boots
Will    .....        (no amulet) Stlth
                     (no ring)
HPRegen 0.29/turn    (no ring)
MPRegen 0.11/turn

%: no passive effects
@: mighty
A: sickness immunity, AC +6, negative energy resistance 1, electricity
resistance, torment resistance 1, petrification resistance
a: Renounce Religion


You were on level 7 of the Dungeon.
You worshipped Makhleb.
Makhleb was aware of your devotion.
You visited 1 branch of the dungeon, and saw 7 of its levels.
You also visited: Sewer.

You collected 277 gold pieces.
You spent 78 gold pieces at shops.

Inventory:

Missiles
 n - a curare-tipped dart
 o - 53 stones (quivered)
Armour
 a - a +0 animal skin
 k - a +1 hat
 m - a +1 pair of boots (worn)
 w - a +0 chain mail (worn)
Jewellery
 e - a ring of fire
 x - a ring of flight
Talismans
 c - a beast talisman
 d - a flux talisman
Wands
 l - a wand of polymorph (2)
 v - a wand of flame (22)
Scrolls
 g - 3 scrolls of teleportation
 h - a scroll of vulnerability
 i - 2 scrolls of enchant weapon
 u - a scroll of revelation
 y - 2 scrolls of fog
 A - a scroll of enchant armour
 B - a scroll of butterflies
Potions
 b - 3 potions of lignification
 f - a potion of might
 j - 6 potions of curing
 p - 2 potions of heal wounds
 q - 2 potions of brilliance
 r - a potion of haste
 s - a potion of mutation
 t - a potion of cancellation {unknown}
 z - 2 potions of enlightenment {unknown}
 C - a potion of ambrosia {unknown}


   Skills:
 + Level 8.1 Fighting
 - Level 1.5 Dodging
 - Level 10.0 Unarmed Combat
 - Level 2.4 Shapeshifting


You had 8 spell levels left.
You didn't know any spells.
Your spell library contained the following spells:

 Spells                   Type           Power      Damage    Failure   Level
 Foxfire                  Conj/Fire      0%         2x1d4     97%         1
 Magic Dart               Conj           0%         1d3       97%         1
 Blink                    Tloc           0%         N/A       99%         2
 Call Imp                 Summ           0%         N/A       99%         2
 Hailstorm                Conj/Ice       0%         3d5       100%        3
 Maxwell's Portable Pile  Tloc           0%         2d(5-13)  100%        3
 Summon Ice Beast         Ice/Summ       0%         N/A       100%        3
 Passage of Golubria      Tloc           0%         N/A       100%        4
 Arcjolt                  Conj/Air       0%         1d10      100%        5
 Silence                  Hex/Air        0%         N/A       100%        5
 Permafrost Eruption      Ice/Erth       0%         2x4d1     100%        6
 Plasma Beam              Fire/Air       0%         2x1d10    100%        6
 Sculpt Simulacrum        Ice/Alch       0%         N/A       100%        6
 Starburst                Conj/Fire      0%         6d3       100%        6
 Lehudib's Crystal Spear  Conj/Erth      0%         10d2      100%        8
 Maxwell's Capacitive Co  Air            0%         ∞         100%        8


Dungeon Overview and Level Annotations

Branches:
Dungeon (7/15)             Temple (0/1) D:6           Sewer (visited)

Altars:
Sif Muna
Trog

Shops:
D:2 !


Innate Abilities, Weirdness & Mutations

You are immune to sickness and miasma.
Your stone body is resilient. (AC +6)
You are immune to poison.
You resist negative energy. (rN+)
You are resistant to electric shocks. (rElec)
You are resistant to unholy torment.
You are immune to petrification.


Message History

The wight hits you but does no damage.
The orc warrior hits you with a +0 short sword.
You take 4 damage, and have 20/59 hp.
You punch the orc warrior!
The orc warrior is heavily wounded.
The wight barely misses you.
You hit the orc warrior. Your punch misses the orc warrior.
The orc warrior is severely wounded.
The orc warrior hits you with a +0 short sword.
The wight barely misses you.
You take 3 damage, and have 18/59 hp.
You barely miss the orc warrior. Your punch misses the orc warrior.
The orc warrior is severely wounded.
The orc warrior hits you but does no damage.
You pummel the orc warrior!!
You kill the orc warrior!
Makhleb accepts your kill.
The wight hits you from afar with a +3 spear!
* * * LOW HITPOINT WARNING * * *
Your Fighting skill increases to level 8!
You take 8 damage, and have 10/59 hp.
You punch the orc!
You kill the orc!
Makhleb accepts your kill. The wight completely misses you.
You closely miss the orc. The orc hits you with a +0 flail.
* * * LOW HITPOINT WARNING * * *
The wight hits you but does no damage.
You take 6 damage, and have 5/59 hp.
You pummel the orc!!
You kill the orc!
Makhleb accepts your kill. The wight hits you but does no damage.
You barely miss the orc. The orc barely misses you.
You punch the orc!
You kill the orc!
Makhleb accepts your kill. The wight hits you but does no damage.
The wight hits you with a +3 spear!
You die...

########## #........#
##### #........#
......######........#
.......z@.)..<......#
......######........#
..... #.........#
.... #.........# .##
#.....o...#
#.##...##.# .. .....
. ... ..##.


You could see a wight.

Vanquished Creatures
  Pikel (D:4)
  Grinder (Sewer)
  A water moccasin (D:6)
  An orc warrior (D:7)
  A black bear (D:5)
  An ogre (D:6)
  3 centaurs
  4 lemures (D:4)
  A kobold brigand (Sewer)
  2 quasits (Sewer)
  2 hounds
  An orc priest (D:7)
  2 bombardier beetles (D:5)
  6 jellies
  2 iguanas
  3 orc wizards
  3 gnolls (D:4)
  9 adders
  3 shadow imps (Sewer)
  3 ufetubi (Sewer)
  An adder zombie (Sewer)
  3 ribbon worms
  2 dart slugs (D:4)
  15 orcs
  11 bats
  8 endoplasms
  7 giant cockroaches
  4 goblins
  9 hobgoblins
  18 kobolds
  8 quokkas
  6 ball pythons
  4 rats
146 creatures vanquished.

Vanquished Creatures (others)
  An adder zombie (Sewer)
  A giant cockroach zombie (Sewer)
2 creatures vanquished.

Grand Total: 148 creatures vanquished

Notes
Turn   | Place    | Note
-------+----------+-------------------------------------------
     0 | D:1      | jasper the Gargoyle Shapeshifter began the quest for the
                  | Orb.
     0 | D:1      | Reached XP level 1. HP: 12/12 MP: 1/1
   153 | D:1      | Reached XP level 2. HP: 10/16 MP: 2/2
   371 | D:1      | Reached XP level 3. HP: 21/21 MP: 3/3
   932 | D:2      | Reached skill level 4 in Unarmed Combat
  1136 | D:2      | Found Lebahese's Distillery.
  1152 | D:2      | Bought a potion of curing for 39 gold pieces
  1152 | D:2      | Bought a potion of curing for 39 gold pieces
  1328 | D:3      | Reached XP level 4. HP: 27/27 MP: 4/4
  1333 | D:3      | Found a glowing drain.
  1406 | Sewer    | Entered a sewer
  1552 | Sewer    | Found a burning altar of Makhleb.
  1570 | Sewer    | Reached skill level 5 in Unarmed Combat
  1570 | Sewer    | Reached XP level 5. HP: 24/32 MP: 5/5
  1590 | Sewer    | Noticed Grinder
  1591 | Sewer    | Paralysed by Grinder for 5 turns
  1607 | Sewer    | Paralysed by Grinder for 2 turns
  1627 | Sewer    | Killed Grinder
  1628 | Sewer    | Reached skill level 6 in Unarmed Combat
  1628 | Sewer    | Reached XP level 6. HP: 14/38 MP: 6/6
  1640 | Sewer    | Became a worshipper of Makhleb the Destroyer
  1782 | Sewer    | Reached XP level 7. HP: 41/44 MP: 7/7
  2585 | D:4      | Reached * piety under Makhleb
  2592 | D:4      | Found a shimmering blue altar of Sif Muna.
  2803 | D:4      | Noticed Pikel
  2934 | D:4      | Killed Pikel
  2935 | D:4      | Reached skill level 5 in Fighting
  2935 | D:4      | Reached skill level 8 in Unarmed Combat
  2935 | D:4      | Reached XP level 8. HP: 42/51 MP: 8/8
  3772 | D:5      | Entered Level 5 of the Dungeon
  4243 | D:5      | Reached skill level 9 in Unarmed Combat
  4842 | D:6      | Found a bloodstained altar of Trog.
  5096 | D:6      | Reached XP level 9. HP: 54/57 MP: 9/9
  5222 | D:6      | Reached skill level 10 in Unarmed Combat
  5288 | D:6      | Found a staircase to the Ecumenical Temple.
  5733 | D:7      | Slain by a wight

Illustrated notes

Levels and vault maps discovered:
D:1:      heliophobic_arrival_enchanted_forest, layout_rooms
D:2:      layout_loops_ring, serial_shops, nicolae_lakefront_shop
D:3:      layout_basic, gup_sewer_entry_glass, serial_bayou_pond_b,
          chequers_serial_rivers_room_a
D:4:      layout_rooms, mainiacjoe_overflow_six_doors_small,
          serial_co_window_serial, co_window_corner_a, co_window_paths_a,
          co_window_of_opportunity_a, co_window_corner_a, co_window_corner_a,
          co_window_of_opportunity_b, co_window_paths_c, co_window_corner_ca,
          co_window_broadway_c, co_window_broadway_c, co_window_broadway_a,
          co_window_broadway_a, glass_columns_a, glass_columns_b,
          kennysheep_generic_room_4, uniq_grinder, uniq_pikel
D:5:      layout_basic
D:6:      hellmonk_destroyed_diamonds, layout_loops_ring,
          mainiacjoe_overflow_24_doors, temple_hall, dk_noncrumbling_2,
          hangedman_decor_slide_cut, minmay_strange_pillars, st_stairs_9,
          chequers_serial_rivers_micro_a
D:7:      layout_rooms, serial_shops, shop, shop, gammafunk_ghost_nasty_kobolds,
          uniq_maurice, uniq_crazy_yiuf_cottage

Skill      XL: |  1  2  3  4  5  6  7  8  9 |
---------------+----------------------------+-----
Fighting       | 2 3 4 5 7 8 |  8.1
Unarmed Combat | 4 5 6 8 9 10 | 10.0
Dodging        | |  1.5
Shapeshifting  | |  2.4

Action                     |  1- 3 |  4- 6 |  7- 9 || total
---------------------------+-------+-------+-------++-------
  Melee: Unarmed           |   137 |   146 |   309 ||   592
         Punch             |     4 |     6 |    13 ||    23
Ability: Begin Untransform |     1 |       |       ||     1
    Use: Scroll            |     8 |       |     6 ||    14
         Potion            |       |       |     5 ||     5
 Armour: Animal skin       |    70 |   112 |    19 ||   201
         Skin              |       |    32 |       ||    32
         Chain mail        |       |       |   247 ||   247
  Dodge: Dodged            |    71 |   212 |   101 ||   384

Table legend: (Time is in decaauts)
 A = Elapsed time spent in this place.
 B = Non-inter-level travel time spent in this place.
 C = Inter-level travel time spent in this place.
 D = Time resting spent in this place.
 E = Time spent auto-exploring this place.
 F = Levels seen in this place.
 G = Mean time per level.
                   A        B        C        D        E       F      G
               +--------+--------+--------+--------+--------+-----+--------+
         Total |   5674 |   5563 |    111 |    591 |   3686 |   8 |  709.2 |
       Dungeon |   5175 |   5064 |    111 |    479 |   3509 |   7 |  739.3 |
         Sewer |    499 |    499 |      0 |    112 |    177 |   1 |  499.0 |
               +--------+--------+--------+--------+--------+-----+--------+

Top non-repeatable levels by time:
     D:4: 1231 daAuts
     D:5: 990 daAuts
     D:6: 850 daAuts
     D:3: 796 daAuts
     D:2: 709 daAuts
     D:1: 560 daAuts
   Sewer: 499 daAuts
     D:7: 36 daAuts
